 Dungeon Crawl Stone Soup version 0.13.1-22-g086cdba (webtiles) character file.

366 Nicoed the Skirmisher (level 4, -3/36 HPs)
             Began as a Demonspawn Fighter on Jan 3, 2014.
             Slain by Pikel
             ... wielding a +2,+0 whip of electrocution
              (6 damage)
             ... on Level 4 of the Dungeon.
             The game lasted 00:08:07 (2739 turns).

Nicoed the Skirmisher (Demonspawn Fighter)          Turns: 2739, Time: 00:08:09

HP  -3/36        AC  6     Str 19      XL: 4   Next: 97%
MP   3/3         EV  6     Int  9      God:
Gold 231         SH 18     Dex 13      Spells:  0 memorised,  3 levels left

Res.Fire  : . . .   See Invis. : .   f - +0 dwarf war axe (curse)
Res.Cold  : . . .   Warding    : .   q - +0 scale mail (curse)
Life Prot.: . . .   Conserve   : .   c - +0 shield
Res.Poison: .       Res.Corr.  : .   (no helmet)
Res.Elec. : .       Clarity    : .   (no cloak)
Sust.Abil.: . .     Spirit.Shd : .   (no gloves)
Res.Mut.  : .       Stasis     : .   (no boots)
Res.Rott. : .       Flight     : .   (no amulet)
Saprovore : . . .                    s - +2 ring of strength
                                     j - ring of sustenance

@: slightly resistant to hostile enchantments, extremely unstealthy
A: hooves 1, spiny 1
a: no special abilities


You were on level 4 of the Dungeon.
You were not hungry.

You visited 1 branch of the dungeon, and saw 4 of its levels.

You collected 211 gold pieces.

Inventory:

Hand weapons
 f - a cursed +0,+0 dwarven war axe (weapon)
Armour
 c - a +0 shield (worn)
 q - a cursed +0 scale mail (worn)
Comestibles
 d - 5 bread rations
 i - a sausage
 l - a meat ration
Scrolls
 a - a scroll of curse jewellery {unknown}
 b - a scroll of fear {unknown}
 h - a scroll of amnesia {unknown}
 k - 2 scrolls of enchant armour {unknown}
 n - 2 scrolls of curse armour {unknown}
 o - 2 scrolls of identify {unknown}
 p - a scroll of remove curse {unknown}
 r - 2 scrolls of fog {unknown}
 v - a scroll of curse weapon {unknown}
Jewellery
 g - a +3 ring of intelligence
 j - a ring of sustenance (left hand)
 s - a +2 ring of strength (right hand)
Potions
 e - a potion of mutation {unknown}
 m - 2 potions of curing
 t - a potion of cure mutation {unknown}
 u - a potion of confusion {unknown}


   Skills:
 + Level 3.4 Fighting
 + Level 2.6 Axes
 + Level 3.1 Armour
 + Level 2.9 Dodging
 - Level 2.6 Shields


You had 3 spell levels left.
You didn't know any spells.

Dungeon Overview and Level Annotations

Branches:
Dungeon (4/27)
 Temple: D:4-7

Altars:
Trog

Annotations:
D:4 Pikel


Innate Abilities, Weirdness & Mutations

You have large cloven feet.
You are partially covered in sharp spines.


Message History

The slave is moderately wounded.
The slave hits you but does no damage. Pikel hits you with a glowing whip!
The slave barely misses you. The slave hits you. The slave hits you.
The slave hits you.
* * * LOW HITPOINT WARNING * * *
Pikel hits you but does no damage. The slave hits you but does no damage.
You slash the slave!
The slave is heavily wounded.
You hit Pikel but do no damage. You kick Pikel, but do no damage.
Pikel is heavily wounded.
You hit the slave.
The slave is moderately wounded.
You slash the slave!
The slave is moderately wounded.
The slave hits you.
* * * LOW HITPOINT WARNING * * *
The slave hits you.
* * * LOW HITPOINT WARNING * * *
You block the slave's attack. Pikel hits you with a glowing whip.
You die...

#. #. #.#############
#.............. ...
#......@@.......
....#####...?..@K@......
... ..).........@.......
#.# #####..............
..# #.....########. ..#
#.....# ..# #.....# ..#
#.....# ..########.....#
...............#


You could see Pikel and 4 slaves.

Vanquished Creatures
  7 adders
  A worm (D:3)
  3 giant geckos
  2 oozes
  2 ball pythons (D:2)
  4 giant cockroaches
  6 goblins
  8 hobgoblins
  6 kobolds
  7 bats (D:2)
  7 giant newts
  7 rats
60 creatures vanquished.

Notes
Turn   | Place    | Note
--------------------------------------------------------------
     0 | D:1      | Nicoed, the Demonspawn Fighter, began the quest for the Orb.
     0 | D:1      | Reached XP level 1. HP: 18/18 MP: 0/0
   251 | D:1      | Reached skill level 1 in Dodging
   251 | D:1      | Gained mutation: You have large cloven feet. [demonic ancestry]
   251 | D:1      | Reached XP level 2. HP: 20/24 MP: 1/1
  1062 | D:2      | Reached XP level 3. HP: 27/30 MP: 2/2
  1911 | D:3      | Gained mutation: You are partially covered in sharp spines. [demonic ancestry]
  1911 | D:3      | Reached XP level 4. HP: 28/36 MP: 3/3
  2416 | D:3      | Noticed a moth of wrath
  2508 | D:3      | Found a bloodstained altar of Trog.
  2732 | D:4      | Noticed a slave
  2733 | D:4      | Noticed a slave
  2733 | D:4      | Noticed Pikel
  2733 | D:4      | Noticed a slave
  2733 | D:4      | Noticed a slave
  2739 | D:4      | Slain by Pikel

Action                   |  1- 3 |  4- 6 || total
-------------------------+-------+-------++-------
Melee: Hand axe          |   130 |    51 ||   181
       War axe           |       |     8 ||     8
  Use: Potion            |     1 |       ||     1
